 Dungeon Crawl Stone Soup version 0.27.1-2-g3b301248ec (webtiles) character file.

Game seed: 16980490572573714480

65 Borgoz the Slasher (level 3, 0/31 HPs)
             Began as a Minotaur Gladiator on Sept 28, 2021.
             Slain by a gnoll (2 damage)
             ... on level 3 of the Dungeon.
             The game lasted 00:01:08 (1884 turns).

Borgoz the Slasher (Minotaur Gladiator)             Turns: 1884, Time: 00:01:09

Health: 0/31       AC:  3    Str: 18    XL:     3   Next: 92%
Magic:  2/2        EV: 12    Int:  5    God:
Gold:   126        SH:  0    Dex: 12    Spells: 2/2 levels left

rFire    . . .     SeeInvis .   a - +0 long sword
rCold    . . .     Faith    .   (no shield)
rNeg     . . .     Spirit   .   b - +0 leather armour
rPois    .         Reflect  .   c - +0 hat
rElec    .         Harm     .   (no cloak)
rCorr    .         Rampage  .   (no gloves)
Will     .....                  (no boots)
Stlth    +.........             (no amulet)
HPRegen  0.10/turn              (no ring)
MPRegen  0.08/turn              (no ring)

@: attractive
A: horns 2, retaliatory headbutt
a: no special abilities


You were on level 3 of the Dungeon.
You visited 1 branch of the dungeon, and saw 3 of its levels.

You collected 126 gold pieces.

Inventory:

Hand Weapons
 a - a +0 long sword (weapon)
Missiles
 d - 3 throwing nets (quivered)
Armour
 b - a +0 leather armour (worn)
 c - a +0 hat (worn)
Jewellery
 j - a ring of willpower
Scrolls
 f - a scroll of enchant weapon {unknown}
 i - a scroll of fog {unknown}
 k - a scroll of teleportation {unknown}
Potions
 e - a potion of attraction
 g - a potion of might {unknown}
 h - a potion of curing {unknown}


   Skills:
 + Level 3.2 Fighting
 + Level 4.3 Long Blades
 - Level 2.0 Throwing
 + Level 2.0 Armour
 + Level 3.9 Dodging


You had 2 spell levels left.
You didn't know any spells.
Your spell library was empty.

Dungeon Overview and Level Annotations

Branches:
Dungeon (3/15)

Altars:


Innate Abilities, Weirdness & Mutations

You have a pair of horns on your head.
You reflexively headbutt those who attack you in melee.


Message History

No target in view!
No target in view!
No target in view!
Found a scroll labelled PECSUE XIDA.
k - a scroll labelled PECSUE XIDA A gnoll comes into view.
It is wielding a +0 spear.
The gnoll shouts!
You hear a shout!
A gnoll is nearby!
A gnoll comes into view. It is wielding a +0 club.
The gnoll shouts!
A gnoll comes into view. It is wielding a +0 spear.
There are monsters nearby!
Found a stone staircase leading down.
The gnoll hits you with a +0 spear.
You hit the gnoll but do no damage. You hit the gnoll but do no damage.
You headbutt the gnoll!
The gnoll is severely wounded.
The gnoll barely misses you.
You riposte.
You closely miss the gnoll. The gnoll hits you with a +0 club.
You barely miss the gnoll.
The gnoll is severely wounded.
The gnoll hits you with a +0 spear!
The gnoll hits you from afar with a +0 spear.
* * * LOW HITPOINT WARNING * * *
The gnoll hits you but does no damage.
A gnoll comes into view.
It is wielding a +1 flail of holy wrath.
The gnoll hits you with a +0 spear.
* * * LOW HITPOINT WARNING * * *
You are too injured to fight recklessly!
Okay, then.
It was a potion of attraction.
You feel attractive to monsters.
The gnoll shouts!
The gnoll hits you from afar with a +0 spear.
* * * LOW HITPOINT WARNING * * *
The gnoll barely misses you. The gnoll closely misses you.
You riposte.
You hit the gnoll. Your headbutt misses the gnoll.
The gnoll is moderately wounded.
The gnoll is pulled toward you!
The gnoll hits you from afar with a +0 spear.
You die...

##.....>....................(....
#########..###########...........
........##...# ##..........
#######. .##.# ##........... #.
#..# ####............
#.###.####....#.[........
#.......#..####.......... ##
#....######..#...... #..@....#
..##### ##.#.##......# #.ggg#..#
###..# ##g#.##.# .# #.#.> .# .
### .. .. ... ## ##


You could see 4 gnolls.

Vanquished Creatures
  2 adders (D:2)
  A worm (D:2)
  A dart slug (D:1)
  3 bats (D:2)
  An endoplasm (D:2)
  A giant cockroach (D:1)
  4 hobgoblins
  4 jackals (D:2)
  A quokka (D:1)
  4 ball pythons
  A frilled lizard (D:2)
  7 goblins
  5 kobolds
  4 rats
39 creatures vanquished.

Notes
Turn   | Place    | Note
-------+----------+-------------------------------------------
     0 | D:1      | Borgoz the Minotaur Gladiator began the quest for the Orb.
     0 | D:1      | Reached XP level 1. HP: 18/18 MP: 0/0
   384 | D:1      | Reached XP level 2. HP: 16/25 MP: 1/1
   529 | D:1      | Reached skill level 1 in Armour
   587 | D:1      | You fall into a shaft and drop 1 floor!
   722 | D:2      | Reached skill level 4 in Long Blades
   851 | D:2      | Reached XP level 3. HP: 31/31 MP: 2/2
  1884 | D:3      | Slain by a gnoll

Illustrated notes

Levels and vault maps discovered:
D:1:      pf_arrival_petrified_forest, layout_loops_corners,
          shapermc_ecumenical_altar_acropolis
D:2:      minmay_chambers_of_twos, layout_basic, st_stairs_4, item_on_display_a
D:3:      layout_rooms, mainiacjoe_overflow_cross_hatched,
          minmay_increasing_density

Skill      XL: |  1  2  3 |
---------------+----------+-----
Armour         | 1 2 |  2.0
Long Blades    | 4 |  4.3
Fighting       | 3 |  3.2
Throwing       | |  2.0
Dodging        | |  3.9

Action                   || total
-------------------------++-------
Melee: Long sword        ||    74
       Headbutt          ||    13
  Use: Potion            ||     1
Armor: Leather armour    ||    19
Dodge: Dodged            ||    58
       Rpst.: Long sword ||    18
